 Dungeon Crawl Stone Soup version 0.29.1-15-g9cfb28693d (webtiles) character file.

Game seed: 3156382143368537976

39 Carnifexus the Sneak (level 3, 0/29 HPs)
             Began as a Demonspawn Delver on Mar 24, 2023.
             Slain by an orc
             ... wielding a +0 flail
              (5 damage)
             ... on level 5 of the Dungeon.
             The game lasted 00:01:52 (535 turns).

Carnifexus the Sneak (Demonspawn Delver)             Turns: 535, Time: 00:01:52

Health: 0/29       AC:  2    Str: 16    XL:     3   Next: 28%
Magic:  3/3        EV: 12    Int: 11    God:
Gold:   0          SH:  0    Dex: 14    Spells: 2/2 levels left

rFire   . . .      SeeInvis .   a - +0 falchion
rCold   . . .      Faith    .   (no shield)
rNeg    . . .      Spirit   .   h - +0 robe of the Wasteland {Rampage *Slow Str+2 Stlth+}
rPois   .          Reflect  .   (helmet restricted)
rElec   .          Harm     .   (no cloak)
rCorr   .          Rampage  +   (no gloves)
Will    .....                   (no boots)
Stlth   ++++......              (no amulet)
HPRegen 0.09/turn               (no ring)
MPRegen 0.08/turn               (no ring)

@: no status effects
A: antennae 1
a: no special abilities


You were on level 5 of the Dungeon.
You visited 1 branch of the dungeon, and saw 1 of its levels.

Inventory:

Hand Weapons
 a - a +0 falchion (weapon)
Armour
 b - a +0 leather armour
 h - the +0 robe of the Wasteland (worn) {Rampage *Slow Str+2 Stlth+}
   (You found it on level 5 of the Dungeon)

   Str:       It affects your strength (+2).
   *Slow:     It may slow you when you take damage.
   Rampage:   It bestows one free step when moving towards enemies.
   Stlth:     It makes you more stealthy.
Wands
 g - a wand of digging (3)
Scrolls
 c - a scroll of fog
 d - 2 scrolls of magic mapping
 i - a scroll of enchant armour {unknown}
Potions
 f - a potion of haste


   Skills:
 + Level 3.2 Fighting
 + Level 1.9 Long Blades
 + Level 1.8 Dodging
 + Level 5.3 Stealth


You had 2 spell levels left.
You didn't know any spells.
Your spell library was empty.

Dungeon Overview and Level Annotations

Branches:
Dungeon (5/15)             Temple (0/1) D:5

Altars:


Innate Abilities, Weirdness & Mutations

You have a pair of small antennae on your head.


Message History

The adder bites you but does no damage.
Unknown command.
You hit the adder.
You kill the adder!
You feel sick. The orc hits you with a +0 flail!
* * * LOW HITPOINT WARNING * * *
The orc attacks as you move away! The orc hits you with a +0 flail.
* * * LOW HITPOINT WARNING * * *
You feel sick.
You see here an adder corpse.
Unknown command.
Unknown command.
An iguana comes into view.
You feel sick.
You are no longer poisoned.
Unknown command.
As you read the scroll of fear, it crumbles to dust.
You assume a fearsome visage.
The orc looks frightened!
The iguana looks frightened!
The iguana hisses angrily.
You start resting.
An orc is nearby!
You start resting.
An orc comes into view. It is wielding a +0 short sword.
An orc comes into view. It is wielding a +0 falchion.
The orc moves out of view.
An orc comes into view. It is wielding a +0 dagger.
The orc shouts! x2
You hit the orc but do no damage.
You hear a shout! x2
The orc barely misses you.
You barely miss the orc. The orc hits you with a +0 short sword.
You hit the orc but do no damage. The orc misses you. x2
You hit the orc.
The orc is heavily wounded.
You closely miss the orc. You closely miss the orc.
The orc hits you with a +0 flail!
* * * LOW HITPOINT WARNING * * *
You barely miss the orc. The orc hits you with a +0 flail.
You die...

#.............# #.
#.###.#######..# #.
#.# #.># #. #.#
#..####### #.####
#.........
#..o.####.#.#.#.#.
###o..............
##o###.#..#.......
#@## ##...........
#.# #...#...>..o #.##
##.#.........
##<###.##.#.......
######...###.........
#............#.#.#.#.
#.####.#####.........
#.# #.# #...####..
#.# ### ######....


You could see 3 orcs.

Vanquished Creatures
  A jelly (D:5)
  An adder (D:5)
  A dart slug (D:5)
3 creatures vanquished.

Notes
Turn   | Place    | Note
-------+----------+-------------------------------------------
     0 | D:5      | Carnifexus the Demonspawn Delver began the quest for the
                  | Orb.
     0 | D:5      | Reached XP level 1. HP: 18/18 MP: 1/1
    15 | D:5      | Found a staircase to the Ecumenical Temple.
    19 | D:5      | Noticed a jelly
    20 | D:5      | Identified the +0 robe of the Wasteland {Rampage *Slow
                  | Str+2 Stlth+}
    84 | D:5      | Killed a jelly
    85 | D:5      | Reached skill level 5 in Stealth
    85 | D:5      | Discovered your monstrous ancestry.
    85 | D:5      | Gained mutation: You have a pair of small antennae on your
                  | head. [demonic ancestry]
    85 | D:5      | Reached XP level 2. HP: 5/24 MP: 2/2
   338 | D:5      | Reached XP level 3. HP: 28/29 MP: 3/3
   535 | D:5      | Slain by an orc

Illustrated notes

Levels and vault maps discovered:
D:5:      kennysheep_spiral_hall, layout_loops_ring,
          nicolae_wu_jian_wuxing_cycle, minmay_temple_entry_glass, uniq_ijyb

Skill      XL: |  1 |
---------------+----+-----
Stealth        | 5 |  5.3
Fighting       | |  3.2
Long Blades    | |  1.9
Dodging        | |  1.8

Action                   || total
-------------------------++-------
Melee: Falchion          ||    19
  Use: Scroll            ||     1
 Stab: Sleeping          ||     2
Armor: Leather armour    ||     1
       Robe              ||     1
Dodge: Dodged            ||     8
